 Dungeon Crawl Stone Soup version 0.28.0-49-g6dfe1f597d (webtiles) character file.

Game seed: 6474644312347105933

15803 unlimited1921 the Thaumaturge (level 12, -1/88 HPs)
             Began as a Djinni Fire Elementalist on May 17, 2022.
             Was an Initiate of Yredelemnul.
             Slain by an orc knight
             ... wielding a +0 war axe
              (40 damage)
             ... on level 2 of the Orcish Mines.
             The game lasted 01:50:11 (34403 turns).

unlimited1921 the Thaumaturge (DjFE)               Turns: 34403, Time: 01:50:11

Health: -1/88      AC:  9    Str:  7    XL:     12   Next: 62%
Gold:   702        EV: 14    Int: 29    God:    Yredelemnul [......] SH: 10 Dex: 19

rFire   + + .      SeeInvis +   z - +8 short sword "Lirphen" {vorpal, rPois Int+2}
rCold   x . .      Faith    .   R - +0 buckler
rNeg    . . .      Spirit   .   V - +0 steam dragon scales
rPois   ∞          Reflect  +   P - +0 hat {SInv}
rElec   +          Harm     .   N - +2 cloak
rCorr   .          Rampage  .   s - +0 pair of gloves
Will    +....                   (boots unavailable)
Stlth   +++.......              k - amulet of reflection
HPRegen 0.24/turn               a - ring "Happayp" {+Blink Int+6}
MPRegen 0.00/turn               S - ring "Cyega" {Wiz rElec Dex+4 Slay+2}

@: about to teleport, spiked, flying
A: sickness immunity, fire resistance 2, cold vulnerability 1, float, innate
caster, HP casting, extra vitality 1
a: Renounce Religion, Evoke Blink, Recall Undead Harvest


You were on level 2 of the Orcish Mines.
You worshipped Yredelemnul.
Yredelemnul was noncommittal.
You visited 2 branches of the dungeon, and saw 13 of its levels.

You collected 1166 gold pieces.
You spent 464 gold pieces at shops.

Inventory:

Hand Weapons
 c - a +2 short sword of protection
 f - a +2 broad axe of distortion
 n - a +2 vampiric spear
 y - a +2 hand crossbow of flaming
 z - the +8 short sword "Lirphen" (weapon) {vorpal, rPois Int+2}
   (You found it on level 8 of the Dungeon)

   It inflicts extra damage upon your enemies.
   Int:       It affects your intelligence (+2).
   rPois:     It protects you from poison.
 C - a +1 flail of protection
 H - a +2 hand axe of electrocution
 X - a +1 short sword of flaming
 Y - a +2 flail of freezing
Missiles
 i - 210 stones
 j - 22 boomerangs
 x - 140 bolts
 B - 27 poisoned darts
 U - 2 curare-tipped darts
 Z - 3 throwing nets
Armour
 s - a +0 pair of gloves (worn)
 E - a +1 robe of cold resistance
 L - a +0 helmet
 N - a +2 cloak (worn)
 P - a +0 hat of see invisible (worn)
 R - a +0 buckler (worn)
 V - +0 steam dragon scales (worn)
Jewellery
 a - the ring "Happayp" (left hand) {+Blink Int+6}
   (You acquired it on level 4 of the Dungeon)

   [ring of intelligence]

   Int:       It affects your intelligence (+6).
   +Blink:    It lets you blink.
 k - an amulet of reflection (around neck)
 w - the amulet "Vewis" {Acrobat Rampage Dex+2 SInv}
   (You found it on level 4 of the Dungeon)

   [amulet of the acrobat]

   It increases your evasion while moving and waiting.
   Dex:       It affects your dexterity (+2).
   SInv:      It lets you see invisible.
   Rampage:   It bestows one free step when moving towards enemies.
 S - the ring "Cyega" (right hand) {Wiz rElec Dex+4 Slay+2}
   (You acquired it on level 9 of the Dungeon)

   [ring of wizardry]

   It improves your spell success rate.
   Dex:       It affects your dexterity (+4).
   Slay:      It affects your accuracy & damage with ranged weapons and melee
   (+2).
   rElec:     It insulates you from electricity.
Wands
 p - a wand of flame (12)
 D - a wand of digging (14)
 F - a wand of iceblast (1)
 K - a wand of mindburst (17) (quivered)
Scrolls
 e - 2 scrolls of enchant armour
 o - a scroll of magic mapping {unknown}
 q - 3 scrolls of teleportation
 t - 3 scrolls of amnesia {unknown}
 A - a scroll of immolation
 I - 2 scrolls of torment {unknown}
 T - 2 scrolls of noise {unknown}
 W - a scroll of fog
Potions
 b - 7 potions of curing
 d - a potion of resistance
 g - 3 potions of berserk rage {unknown}
 h - 4 potions of might
 l - a potion of invisibility
 m - a potion of attraction {unknown}
 r - a potion of magic {unknown}
 u - a potion of haste
 v - a potion of mutation {unknown}
 G - a potion of ambrosia {unknown}
 J - 2 potions of degeneration {unknown}
 M - a potion of lignification {unknown}


   Skills:
 * Level 8.5 Fighting
 + Level 0.2 Short Blades
 + Level 5.1 Dodging
 + Level 4.5 Stealth
 + Level 1.8 Shields
 + Level 12.9 Spellcasting
 + Level 0.2 Evocations


You had 9 spell levels left.
You knew the following spells:

 Your Spells              Type           Power      Damage    Failure   Level
a - Foxfire               Conj/Fire      100%       2x1d9     0%          1
b - Scorch                Fire           100%       2d10      1%          2
c - Conjure Flame         Conj/Fire      76%        6-21      1%          3
d - Inner Flame           Hex/Fire       76%        N/A       1%          3
e - Flame Wave            Conj/Fire      76%        2d14      1%          4
f - Summon Small Mammal   Summ           100%       N/A       0%          1
g - Static Discharge      Conj/Air       76%        N/A       1%          2
h - Ignite Poison         Fire/Tmut/Pois 76%        N/A       1%          3
i - Leda's Liquefaction   Hex/Erth       38%        N/A       1%          4
j - Iskenderun's Mystic   Conj/Tloc      76%        2d15      1%          4
Your spell library was empty.

Dungeon Overview and Level Annotations

Branches:
Dungeon (11/15)            Temple (0/1) D:6             Orc (2/2) D:11
   Lair: D:8-11         Elf: Orc:2

Altars:
Ashenzari
Cheibriados
Dithmenos
Elyvilon
Gozag
Hepliaklqana
Makhleb
Nemelex Xobeh
Okawaru
Ru
Sif Muna
Trog
Vehumet
Wu Jian
Yredelemnul
The Shining One

Shops:
D:7 *   D:9 :   Orc:2 :!(


Innate Abilities, Weirdness & Mutations

You are immune to sickness and miasma.
You are immune to poison.
Your flesh is very heat resistant. (rF++)
You are vulnerable to cold. (rC-)
You float through the air rather than walking.
You learn spells naturally, not from books.
Your magical power is your life essence.
You have superior vitality. (+4 MHP)


Message History

You erupt in a blast of force!
The mystic blast hits the orc high priest!!
Flame seeps out of the orc high priest.
The orc high priest is moderately wounded.
The orc high priest is knocked back by the mystic blast.
The orc high priest slams into the stone wall!
Flame seeps out of the orc high priest.
The orc high priest is heavily wounded.
* * * LOW HITPOINT WARNING * * *
The orc high priest mumbles some strange prayers to Beogh against you.
Beogh smites you!
* * * LOW HITPOINT WARNING * * *
The barbs in your skin will harm you if you move.
Continue?
Okay, then.
You feel much better.
An orc high priest comes into view. It is wielding a +0 dire flail.
An orc high priest comes into view. It is wielding a +0 mace.
The orc knight is engulfed in blazing flames.
Flame seeps out of the orc knight.
An orc knight comes into view. It is wielding a +0 long sword.
The orc high priest is engulfed in blazing flames.
Flame seeps out of the orc high priest.
As you read the scroll of teleportation, it crumbles to dust.
You feel strangely unstable.
An orc warrior comes into view. It is wielding a +0 war axe.
The orc high priest mumbles some strange prayers to Beogh.
The orc knight is engulfed in blazing flames.
Flame seeps out of the orc knight.
The orc high priest hits you with a +0 mace.
You feel better.
The orc knight is engulfed in blazing flames.
Flame seeps out of the orc knight.
You block the orc knight's attack.
The orc high priest mumbles some strange prayers to Beogh.
The orc high priest hits you with a +0 mace!
You feel better.
The orc knight is engulfed in blazing flames.
Flame seeps out of the orc knight.
The orc knight hits you with a +0 war axe!!!
You die...
Your body rises from the dead as a mindless zombie.

.# #### .# ###.....###
.####.........### .
.##.............## ..
.#...............### ..
)#.#.#.#.#.#.#.#.#o#3#
[)[.............3.§oo .
...)............o#☼#o.o.
.)..............@o☼oooo.
.#.#.#.#.#.#.#.#o#§#o#o#
.#..............)# #
.##.............##
.####.........### .#
###.....### .# #######
## .


You could see 4 orc knights, 4 orc high priests, 2 neqoxecs and 6 orc warriors.

Vanquished Creatures
  Harold (D:8)
  3 two-headed ogres
  An orc high priest (Orc:2)
  3 orc knights (Orc:2)
  3 cyclopes (D:11)
  A manticore (D:11)
  Maggie (D:8)
  Psyche (D:8)
  A troll (D:11)
  Sigmund (D:4)
  A shadow (D:11)
  2 wyverns
  4 yaks
  Grum (D:8)
  A human (D:5)
  A steam dragon (D:7)
  3 wargs (Orc:2)
  An acid dragon (D:9)
  A water moccasin (D:5)
  An ice beast (D:6)
  A spectral yak (D:8)
  18 orc warriors
  3 necrophages
  8 ogres
  2 wolves (D:8)
  10 centaurs
  5 kobold brigands
  A wyvern zombie (D:6)
  4 gnoll sergeants (D:11)
  2 bullfrogs
  2 spectral humans (D:8)
  A water moccasin zombie (D:6)
  A water moccasin skeleton (D:7)
  A spectral ogre (D:7)
  5 killer bees
  11 wights
  3 howler monkeys
  5 centaur zombies
  A spectral centaur (D:11)
  2 hounds (D:6)
  A jelly (D:6)
  A human zombie (D:5)
  21 orc priests
  A bullfrog skeleton (D:6)
  A centaur skeleton (D:6)
  An iguana (D:5)
  A scorpion zombie (D:5)
  10 orc wizards
  3 spectral gnolls (D:11)
  9 spectral orcs
  10 gnolls
  2 howler monkey skeletons (D:6)
  8 adders
  3 white imps (D:5)
  An ufetubus (D:5)
  12 orc zombies
  A worm (D:3)
  6 dart slugs
  62 orcs
  8 ball pythons
  3 bats (D:1)
  6 endoplasms
  A giant cockroach (D:4)
  12 goblins
  5 hobgoblins
  2 jackals (D:3)
  24 kobolds
  5 quokkas
  6 frilled lizards
  A jackal skeleton (D:5)
  A kobold zombie (D:5)
  8 rats
  4 spectral kobolds
  A spectral ufetubus (D:5)
359 creatures vanquished.

Vanquished Creatures (collateral kills)
  A jelly (D:6)
  3 orc priests
  A statue (D:11)
  A howler monkey zombie (D:7)
6 creatures vanquished.

Vanquished Creatures (others)
  A spectral yak (D:9)
  A warg zombie (Orc:2)
  A spectral ogre (D:11)
  An ogre zombie (Orc:2)
  A hound zombie (D:6)
  2 gnoll zombies (D:11)
  An adder zombie (D:5)
  A spectral white imp (D:5)
  3 kobolds (D:8)
  5 kobold zombies
  22 orc zombies
  2 spectral orcs
  1123 foxfires
1164 creatures vanquished.

Grand Total: 1529 creatures vanquished

Notes
Turn   | Place    | Note
-------+----------+-------------------------------------------
     0 | D:1      | unlimited1921 the Djinni Fire Elementalist began the quest
                  | for the Orb.
     0 | D:1      | Reached XP level 1. HP: 15/15 MP: 0/0
   673 | D:1      | Reached XP level 2. HP: 17/21 MP: 0/0
  2314 | D:1      | Found a faded altar of an unknown god.
  2315 | D:1      | Noticed a floating eye
  2464 | D:1      | Noticed a shining eye
  2464 | D:1      | Noticed a shining eye
  2464 | D:1      | Noticed an eye of devastation
  2759 | D:1      | Reached skill level 3 in Spellcasting
  3011 | D:1      | Reached XP level 3. HP: 24/25 MP: 0/0
  3011 | D:1      | Learned a level 1 spell: Summon Small Mammal
  4939 | D:2      | Reached XP level 4. HP: 26/31 MP: 0/0
  6425 | D:2      | Reached XP level 5. HP: 34/35 MP: 0/0
  6425 | D:2      | Learned a level 2 spell: Static Discharge
  7733 | D:2      | HP: 1/35 [gnoll/+0 club (1)]
  8363 | D:3      | Reached skill level 4 in Spellcasting
  8442 | D:3      | You are sucked into a shaft and drop 1 floor!
  8453 | D:4      | Noticed Sigmund
  8527 | D:3      | Reached XP level 6. HP: 19/41 MP: 0/0
  9146 | D:3      | Reached skill level 1 in Fighting
 10251 | D:3      | Found a snail-covered altar of Cheibriados.
 10251 | D:3      | Found a burning altar of Makhleb.
 10493 | D:3      | Found an ornate altar of the Wu Jian Council.
 10497 | D:3      | Found a glowing golden altar of the Shining One.
 10503 | D:3      | Found a sparkling altar of Nemelex Xobeh.
 11291 | D:4      | Identified the amulet "Vewis" {Acrobat Rampage Dex+2 SInv}
 11454 | D:4      | Reached XP level 7. HP: 29/47 MP: 0/0
 11454 | D:4      | Learned a level 3 spell: Ignite Poison
 11840 | D:4      | Killed Sigmund
 11841 | D:4      | Reached skill level 5 in Spellcasting
 11929 | D:4      | Identified a scroll of acquirement
 11941 | D:4      | Acquired the ring "Happayp" {+Blink Int+6}
 12660 | D:5      | Entered Level 5 of the Dungeon
 12851 | D:5      | Found a runed translucent door.
 12851 | D:5      | Noticed a human
 12948 | D:5      | Reached XP level 8. HP: 42/55 MP: 0/0
 13177 | D:5      | Found a basalt altar of Yredelemnul.
 13226 | D:5      | Killed a human
 13368 | D:5      | Became a worshipper of Yredelemnul the Dark
 13419 | D:5      | Found a shadowy altar of Dithmenos.
 13439 | D:5      | Reached skill level 6 in Spellcasting
 14008 | D:5      | Reached * piety under Yredelemnul
 15388 | D:6      | Reached XP level 9. HP: 55/62 MP: 0/0
 15388 | D:6      | Learned a level 4 spell: Leda's Liquefaction
 15461 | D:6      | Reached skill level 7 in Spellcasting
 16393 | D:6      | Found a staircase to the Ecumenical Temple.
 17064 | D:6      | Found an opulent altar of Gozag.
 17131 | D:7      | Found Uxizesch's Island Escapes.
 17139 | D:7      | Bought a scroll of teleportation for 36 gold pieces
 17139 | D:7      | Bought a scroll of blinking for 90 gold pieces
 17179 | D:7      | Found a hazy altar of Hepliaklqana.
 17204 | D:7      | Found a sacrificial altar of Ru.
 17204 | D:7      | Found a white marble altar of Elyvilon.
 17205 | D:7      | Found an iron altar of Okawaru.
 17211 | D:7      | Found a broken altar of Ashenzari.
 17549 | D:7      | Found a bloodstained altar of Trog.
 17716 | D:7      | Reached skill level 8 in Spellcasting
 19114 | D:8      | Noticed Psyche
 20081 | D:8      | Reached skill level 5 in Fighting
 20212 | D:8      | Killed Psyche
 20212 | D:8      | Your ally Psyche died
 20213 | D:8      | Reached XP level 10. HP: 59/70 MP: 0/0
 20476 | D:8      | Reached skill level 9 in Spellcasting
 20878 | D:8      | Noticed Grum
 20887 | D:8      | Killed Grum
 21078 | D:8      | Identified the +8 short sword "Lirphen" {vorpal, rPois
                  | Int+2}
 21079 | D:8      | Noticed Harold
 21090 | D:8      | Killed Harold
 22307 | D:8      | Noticed Maggie
 22319 | D:8      | Killed Maggie
 22320 | D:8      | Reached skill level 10 in Spellcasting
 22959 | D:9      | Noticed a two-headed ogre
 23450 | D:8      | Reached XP level 11. HP: 34/78 MP: 0/0
 23450 | D:8      | Learned a level 4 spell: Iskenderun's Mystic Blast
 23647 | D:8      | Killed a two-headed ogre
 24372 | D:9      | Found Wuel's Book Emporium.
 24858 | D:9      | Acquired the ring "Cyega" {Wiz rElec Dex+4 Slay+2}
 24898 | D:10     | Entered Level 10 of the Dungeon
 25019 | D:10     | Reached skill level 11 in Spellcasting
 25549 | D:11     | Noticed a cyclops
 25559 | D:11     | Killed a cyclops
 25560 | D:11     | Reached skill level 1 in Shields
 25850 | D:11     | Noticed a two-headed ogre
 25856 | D:11     | Killed a two-headed ogre
 26286 | D:11     | Noticed a two-headed ogre
 26291 | D:11     | Killed a two-headed ogre
 26912 | D:11     | Noticed a cyclops
 26919 | D:11     | Killed a cyclops
 26920 | D:11     | Reached skill level 12 in Spellcasting
 27296 | D:11     | Reached XP level 12. HP: 82/86 MP: 0/0
 27367 | D:11     | Found a staircase to the Orcish Mines.
 27416 | D:11     | Reached ** piety under Yredelemnul
 28507 | Orc:1    | Entered Level 1 of the Orcish Mines
 30573 | Orc:2    | Entered Level 2 of the Orcish Mines
 30885 | Orc:2    | Found Fixi's Weapon Boutique.
 31995 | Orc:2    | Reached skill level 5 in Dodging
 33058 | Orc:2    | Found Boinew's Distillery.
 33058 | Orc:2    | Noticed an orc high priest
 33060 | Orc:2    | Noticed a sun demon
 33060 | Orc:2    | Noticed a sun demon
 33200 | Orc:2    | Killed an orc high priest
 34061 | Orc:2    | Found Hutoemn's Book Emporium.
 34295 | Orc:2    | Bought a potion of heal wounds for 65 gold pieces
 34295 | Orc:2    | Bought a potion of invisibility for 104 gold pieces
 34295 | Orc:2    | Bought a potion of curing for 39 gold pieces
 34295 | Orc:2    | Bought a potion of curing for 39 gold pieces
 34295 | Orc:2    | Bought a potion of curing for 39 gold pieces
 34295 | Orc:2    | Bought a potion of might for 52 gold pieces
 34389 | Orc:2    | Noticed an orc high priest
 34393 | Orc:2    | Noticed an orc high priest
 34400 | Orc:2    | Noticed an orc high priest
 34400 | Orc:2    | Noticed an orc high priest
 34403 | Orc:2    | Slain by an orc knight

Illustrated notes

Levels and vault maps discovered:
D:1:      dpeg_arrival_rooms_a, layout_loops_ring,
          hellmonk_ecumenical_altar_watching_god
D:2:      layout_loops_corners
D:3:      layout_loops_ring, nicolae_overflow_hallway_of_the_gods
D:4:      layout_layer_cave, uniq_sigmund
D:5:      layout_loops_ring, mainiacjoe_overflow_six_doors_small,
          dk_yredelemnul_ordeal
D:6:      layout_gridville, mainiacjoe_overflow_alcove_2,
          minmay_temple_entry_from_below_a
D:7:      layout_loops_ring, bloody_trog, nicolae_overflow_quartered_altars,
          nicolae_overflow_hidden_temple, kennysheep_path_1,
          nicolae_island_escapes
D:8:      layout_basic, uniq_psyche, uniq_harold, uniq_maggie, uniq_grum
D:9:      layout_roguey, serial_shops, shop_fountains
D:10:     cheibrodos_helix_gallery, layout_basic, erik_lair_orcish_takeover,
          uniq_joseph
D:11:     layout_loops_ring, kennysheep_orc_monster_closet_entryway,
          vehumet_statue
Orc:1:    layout_caves
Orc:2:    st_orc_pillars, layout_diamond_mine, gauntlet_entry_generic,
          serial_shops, nicolae_shop_statue_plus, nicolae_shop_hallway_stairs,
          shop, nicolae_shop_waterfront, minmay_shop_mass,
          nicolae_orc_tapped_out

Skill      XL: |  1  2  3  4  5  6  7  8  9 10 11 12 |
---------------+-------------------------------------+-----
Spellcasting   | 3 4 5 6 8 10 12 | 12.9
Stealth        | 2 3 4 |  4.5
Dodging        | 3 4 5 |  5.1
Fighting       | 1 2 3 5 6 7 8 |  8.5
Shields        | 1 |  1.8
Short Blades   | |  0.2
Evocations     | |  0.2

Action                   |  1- 3 |  4- 6 |  7- 9 | 10-12 || total
-------------------------+-------+-------+-------+-------++-------
Melee: Short sword       |       |       |       |    13 ||    13
 Cast: Foxfire           |    82 |   126 |   171 |   299 ||   678
       Scorch            |       |    22 |    77 |   154 ||   253
       Summon Small Mamm |       |     1 |     2 |     7 ||    10
       Inner Flame       |       |       |    16 |    55 ||    71
       Leda's Liquefacti |       |       |     2 |     7 ||     9
       Flame Wave        |       |       |     1 |     1 ||     2
       Iskenderun's Myst |       |       |       |    15 ||    15
 Abil: Evoke Blink       |       |       |       |     2 ||     2
Evoke: Wand              |       |       |       |     5 ||     5
  Use: Scroll            |       |     3 |     3 |     6 ||    12
       Potion            |       |       |       |     6 ||     6
Armor: Robe              |     2 |     2 |    11 |     1 ||    16
       Steam dragon scal |       |       |       |    18 ||    18
Dodge: Dodged            |    13 |    10 |    17 |    56 ||    96
Block: Other             |     1 |     6 |     4 |     9 ||    20
       Reflection        |       |       |       |     8 ||     8
       Buckler           |       |       |       |    34 ||    34
